[Event "1st Henriquez Urena Memorial 2022"]
[Site "Santo Domingo"]
[Date "2022.09.16"]
[Round "1.1"]
[White "Dominguez, Jose Manuel"]
[Black "Peralta, Fernando"]
[Result "0-1"]
[ECO "C01"]
[WhiteElo "2180"]
[BlackElo "2600"]
[Annotator "ChessBase"]
[PlyCount "61"]
[EventDate "2022.09.16"]
[EventType "swiss"]
[EventCountry "DOM"]
[SourceTitle "playchess.com"]
[Source "ChessBase"]
[SourceQuality "1"]
[TimeControl "5400+30"]

1. e4 e6 2. d4 d5 3. Nc3 Nf6 4. exd5 exd5 5. Bd3 c5 6. dxc5 Bxc5 7. Nf3 O-O 8. O-O h6 9. h3 Nc6 10. a3 a6 11. Bf4 Re8 12. Re1 Be6 13. Qd2 Rc8 14. Rad1 Bf8 15. Ne5 Na5 16. b4 Nc4 17. Bxc4 dxc4 18. Qe2 Qe7 19. Qf3 g5 20. Bg3 Bg7 21. Na4 Rcd8 22. Nc5 Bd5 23. Qf5 b6 24. Na4 Qb7 25. Ng4 Rxe1+ 26. Rxe1 Nxg4 27. Qxg4 Bxg2 28. Bc7 Bf3 29. Qg3 Qe4 30. Rf1 Rd1 31. Bxb6 0-1

[Event "1st Henriquez Urena Memorial 2022"]
[Site "Santo Domingo"]
[Date "2022.09.16"]
[Round "1.2"]
[White "Quezada Perez, Yasser"]
[Black "Arvelo Leo, Gian Carlo"]
[Result "1-0"]
[ECO "B30"]
[WhiteElo "2580"]
[BlackElo "2174"]
[Annotator "ChessBase"]
[PlyCount "67"]
[EventDate "2022.09.16"]
[EventType "swiss"]
[EventCountry "DOM"]
[SourceTitle "playchess.com"]
[Source "ChessBase"]
[SourceQuality "1"]
[TimeControl "5400+30"]

1. e4 c5 2. Nf3 e6 3. Nc3 Nc6 4. Bb5 Nd4 5. Bc4 Nf6 6. O-O d6 7. d3 Be7 8. Nxd4 cxd4 9. Ne2 e5 10. Ng3 O-O 11. f4 exf4 12. Bxf4 d5 13. Bb3 dxe4 14. dxe4 Be6 15. Nf5 Nxe4 16. Nxg7 Kxg7 17. Bxe6 fxe6 18. Qg4+ Kh8 19. Bh6 Rg8 20. Qxe4 Rg6 21. Bf4 Kg8 22. Be5 Rc8 23. Bxd4 Qd5 24. Qxd5 exd5 25. c3 Bc5 26. Rad1 b6 27. Rf5 Rd6 28. Rg5+ Kf8 29. Rf1+ Ke8 30. Rg8+ Kd7 31. Rf7+ Ke6 32. Rf6+ Ke7 33. Rg7+ Kd8 34. Rxd6+ 1-0

[Event "1st Henriquez Urena Memorial 2022"]
[Site "Santo Domingo"]
[Date "2022.09.16"]
[Round "1.3"]
[White "Crispin Ferreras, Darvi Abraham"]
[Black "Ramirez, Alejandro"]
[Result "0-1"]
[ECO "A06"]
[WhiteElo "2160"]
[BlackElo "2561"]
[Annotator "ChessBase"]
[PlyCount "76"]
[EventDate "2022.09.16"]
[EventType "swiss"]
[EventCountry "DOM"]
[SourceTitle "playchess.com"]
[Source "ChessBase"]
[SourceQuality "1"]
[TimeControl "5400+30"]

1. Nf3 d5 2. b3 c5 3. e3 Nc6 4. Bb2 a6 5. d4 Nf6 6. Be2 Bg4 7. Nbd2 Rc8 8. a3 cxd4 9. exd4 e6 10. O-O Bd6 11. Re1 O-O 12. h3 Bf5 13. Rc1 Qe7 14. b4 Bf4 15. Bd3 Ne4 16. Ra1 Nxd2 17. Bxf5 Nc4 18. Rb1 Na7 19. Bd3 Nb5 20. a4 Nxb2 21. Rxb2 Nc3 22. Qa1 Bd6 23. b5 axb5 24. axb5 Ra8 25. Qc1 Ba3 26. Qa1 Bxb2 27. Qxb2 Qa3 28. Qxa3 Rxa3 29. Ne5 Rd8 30. Re3 f6 31. Nf3 Kf7 32. b6 h6 33. Nh4 g5 34. Nf3 Rd6 35. h4 Rxb6 36. h5 Ke7 37. Nd2 Nb5 38. Nb3 Ra2 0-1

[Event "1st Henriquez Urena Memorial 2022"]
[Site "Santo Domingo"]
[Date "2022.09.16"]
[Round "1.4"]
[White "Cuenca Jimenez, Jose Fernando"]
[Black "Lugo Matos, Richards Reynier"]
[Result "1-0"]
[ECO "E71"]
[WhiteElo "2553"]
[BlackElo "2157"]
[Annotator "ChessBase"]
[PlyCount "73"]
[EventDate "2022.09.16"]
[EventType "swiss"]
[EventCountry "DOM"]
[SourceTitle "playchess.com"]
[Source "ChessBase"]
[SourceQuality "1"]
[TimeControl "5400+30"]

1. d4 Nf6 2. c4 g6 3. Nc3 Bg7 4. e4 d6 5. h3 O-O 6. Be3 Na6 7. g4 e5 8. d5 Nc5 9. f3 a5 10. Qd2 Nfd7 11. h4 f5 12. gxf5 gxf5 13. exf5 Rxf5 14. h5 e4 15. h6 Bxc3 16. Qxc3 Qf6 17. Qxf6 Rxf6 18. fxe4 Nxe4 19. Rh4 Ndc5 20. O-O-O Nf2 21. Bd4 Rf7 22. Rd2 Nce4 23. Rc2 Bd7 24. Be2 Raf8 25. b3 a4 26. Kb2 Rf4 27. Rh2 R8f5 28. Be3 Nc5 29. Bxf4 Rxf4 30. Rc3 axb3 31. axb3 Nfe4 32. Rg2+ Kf8 33. Rf3 Rxf3 34. Nxf3 Nf6 35. Rg7 c6 36. Ng5 Be8 37. b4 1-0

[Event "1st Henriquez Urena Memorial 2022"]
[Site "Santo Domingo"]
[Date "2022.09.16"]
[Round "1.5"]
[White "Mendez Ramirez, Victor"]
[Black "Leon Hoyos, Manuel"]
[Result "0-1"]
[ECO "A30"]
[WhiteElo "2153"]
[BlackElo "2491"]
[Annotator "TA"]
[PlyCount "94"]
[EventDate "2022.09.16"]
[EventType "swiss"]
[EventCountry "DOM"]
[SourceTitle "playchess.com"]
[Source "ChessBase"]
[SourceQuality "1"]
[TimeControl "5400+30"]

1. c4 c5 2. g3 g6 3. d4 Bg7 4. d5 b5 5. cxb5 a6 6. b6 {[%emt 0:00:30] A30: Symmetrical English: Double Fianchetto and Hedgehog.} d6 {[%emt 0:00:30] [#]} 7. Qb3 $146 {[%emt 0:00:30] aiming for b7.} ({Predecessor:} 7. Bg2 Qxb6 8. Nc3 Nf6 9. Nf3 a5 10. O-O O-O 11. Re1 Nbd7 12. h3 Ne8 13. Qc2 {1-0 (44) Ruperez,M (2125)-Villar Reymundo,J (2131) Barcelona 2021}) 7... Bb7 {[%emt 0:00:30][%mdl 1024] Black has compensation.} 8. Na3 {[%emt 0:00:30] The position is equal.} Nf6 9. Bg2 a5 10. e4 Nbd7 11. Ne2 Ba6 12. Nc4 a4 13. Qxa4 O-O 14. Qc2 Nxb6 (14... Ng4 {is interesting.} 15. b7 Ra7 16. O-O Rxb7 17. Rb1 Rb4) 15. Ne3 Ne8 16. O-O Nc7 17. Re1 Nb5 18. Qd1 Qd7 ({Don't do} 18... Nd4 19. Nxd4 Bxd4 20. Rb1 $14) ({Black should play} 18... Na3 $1 $11) 19. a4 $1 $14 Nc7 20. a5 Nc4 21. Nxc4 Bxc4 22. Qc2 Ba6 23. Nc3 Ra7 24. Bd2 Rb8 25. f4 (25. Rab1 $14) 25... Bc4 26. Ra3 Rab7 27. Bc1 Rb4 28. Kh1 e6 29. Qd1 (29. dxe6 $14 fxe6 30. e5) 29... exd5 $11 30. exd5 h5 31. Na4 (31. Qc2 $11) 31... Bb3 $1 $17 {[%emt 0:02:51] Black is more active.} 32. Rxb3 Rxb3 33. Nb6 Qb5 34. Bf1 {[%emt 0:00:32] Against Rd3} ({Don't play} 34. Re7 Rd3 35. Qe2 Rd4 $17) (34. f5 $1 $15) 34... Qxa5 $19 35. Nc4 Qa8 36. Bg2 Qa6 37. Bf1 Qa8 (37... R3b4 $142 $1 38. Bd2 Ra4) 38. Bg2 $1 Ne8 ({Worse is} 38... Qa6 39. Bf1) (38... R3b4 $1 $19 {[%cal Rb4c4] and Black stays clearly on top.} 39. Nxd6 Qa6) 39. f5 $17 {[%emt 0:00:10] [#]} R3b4 ({Better is} 39... g5 $1 $17 {...Qa4 is the strong threat.} 40. Qxh5 Nf6 41. Qxg5 Re8) 40. fxg6 $11 fxg6 41. Qe2 {[%emt 0:00:20] [#]} (41. Qd3 $11 {remains equal.}) 41... Kh8 (41... Kh7 $1 $17 42. Bg5 Nf6 43. Bxf6 Bxf6) 42. Be4 $2 (42. Qd3 $11 {and White has nothing to worry.}) 42... Nf6 $19 {[%emt 0:00:06][%cal Be8f6,Bf6e4,Be4f2,Bf2h3][%mdl 32] Hoping for ...Re8.} 43. Qc2 $2 (43. Bd2 Re8 44. Qd3 Nxe4 45. Rxe4 Rxe4 46. Qxe4 Qa1+ 47. Kg2 Rxc4 48. Qxc4 Qxb2 49. Qc1) 43... Re8 44. Bd2 Nxe4 45. Bxb4 Qxd5 {[%emt 0:00:05] ( -> ...Nf2+)} 46. Ne3 Nf2+ 47. Kg1 Nh3+ {[%emt 0:00:02] Weighted Error Value: White=0.59/Black=0.24 (precise)} 0-1

[Event "1st Henriquez Urena Memorial 2022"]
[Site "Santo Domingo"]
[Date "2022.09.16"]
[Round "1.6"]
[White "Araujo Sanchez, Josue"]
[Black "Subervi, Jonathan Sigfredo"]
[Result "1-0"]
[ECO "C54"]
[WhiteElo "2281"]
[BlackElo "2124"]
[Annotator "TA"]
[PlyCount "81"]
[EventDate "2022.09.16"]
[EventType "swiss"]
[EventCountry "DOM"]
[SourceTitle "playchess.com"]
[Source "ChessBase"]
[SourceQuality "1"]
[TimeControl "5400+30"]

1. e4 e5 2. Nf3 Nc6 3. Bc4 Nf6 4. d3 Bc5 5. O-O d6 6. c3 h6 7. Re1 O-O {C54: Giuoco Piano: 4 c3 Nf6, main lines with 5 d4 and 5 d3.} 8. Nbd2 Be6 9. b4 Bb6 {White is slightly better.} 10. Bxe6 fxe6 11. Nc4 Ne7 12. a4 {[%emt 0:00:00] [#] aiming for a5. White is more active.} c6 13. Nxb6 (13. b5 $16) 13... axb6 $14 {[%emt 0:01:00] [#]} 14. Qb3 $146 ({Predecessor:} 14. d4 exd4 15. Nxd4 Qd7 16. f3 e5 17. Nb3 Ng6 18. Be3 Qc7 19. Qc2 Nh5 20. c4 {1-0 (40) Graif,W (2333)-Ganesan,M Dulles 2022}) 14... Qd7 15. Be3 Ng6 ({Better is} 15... b5 $1 $14) 16. Bxb6 $16 Nf4 17. Be3 N6h5 18. Qd1 Qf7 19. Ra2 Qg6 {[%emt 0:00:00][%csl Gf4][%cal Rg6g2] [#]} 20. Nh4 Qf6 21. g3 g6 $2 (21... Nh3+ {was worth a try.} 22. Kh1 N5f4) 22. Qg4 $18 (22. gxf4 exf4 23. Qg4 fxe3 24. fxe3 (24. Qxg6+ Qxg6+ 25. Nxg6 Rxa4 $15) 24... Kh7 $14) 22... Nxd3 (22... Qg5 {keeps fighting.} 23. f3 Nf6 24. gxf4 exf4 25. Qxg5 (25. Bxf4 Nxg4 26. Bxg5 hxg5 $16) 25... hxg5 26. Nxg6 Rf7) 23. Rd1 Ndf4 24. gxf4 exf4 25. Bc1 e5 26. Qxg6+ Qxg6+ 27. Nxg6 Rfd8 28. Rad2 Nf6 (28... Kh7 $142 29. Nh4 (29. Rxd6 Rg8 $18) 29... Rxa4 30. Rxd6 Rxd6 31. Rxd6 Ra1) 29. f3 Kh7 30. Ne7 Rxa4 31. Rd3 d5 32. Rxd5 Rd7 $4 (32... cxd5 $19 33. Bb2 Ra2) 33. Rd6 (33. Rxd7 $142 Nxd7 34. Rxd7) 33... Rxd6 34. Rxd6 {[%emt 0:00:00] White is clearly winning.} Ra1 35. Rxf6 Rxc1+ {[%emt 0:00:00][%mdl 4096] Endgame KRN-KR} 36. Kg2 Kg7 37. Rd6 ({Less strong is} 37. Rg6+ Kf7 $16) 37... Rc2+ 38. Kh3 Rxc3 39. Kg4 {[%emt 0:00:00] Threatens to win with Kf5.} h5+ 40. Kg5 (40. Kf5 $142 Rxf3 41. Rd7) 40... Kf7 41. Ng6 {[%emt 0:00:00] Weighted Error Value: White=0.60/Black=0.48} 1-0

[Event "1st Henriquez Urena Memorial 2022"]
[Site "Santo Domingo"]
[Date "2022.09.16"]
[Round "1.7"]
[White "Martinez Castillo, Julio Antonio"]
[Black "Guzman, Christopher"]
[Result "0-1"]
[ECO "C00"]
[WhiteElo "2122"]
[BlackElo "2252"]
[Annotator "TA"]
[PlyCount "68"]
[EventDate "2022.09.16"]
[EventType "swiss"]
[EventCountry "DOM"]
[SourceTitle "playchess.com"]
[Source "ChessBase"]
[SourceQuality "1"]
[TimeControl "5400+30"]

1. g3 d5 2. Bg2 Nf6 3. Nf3 e6 4. O-O Be7 5. d3 O-O 6. Nbd2 c5 7. e4 Nc6 8. Re1 b5 9. e5 Nd7 10. Nf1 a5 11. h4 b4 12. Bf4 a4 13. a3 bxa3 14. bxa3 Ba6 {[%emt 0:00:30] 14...Rb8 is the hot move.} 15. N1h2 {[%emt 0:00:30] C00: French: Unusual White 2nd moves.} Re8 16. Ng5 h6 17. Qh5 {[%emt 0:00:30][%mdl 8192] [#]} hxg5 $19 18. hxg5 {[%emt 0:00:30] [#]} Nd4 $146 ({Avoid the trap} 18... g6 $2 19. Qh4 Nd4 20. c4 $19) ({Predecessor:} 18... Nf8 19. Ng4 Ng6 20. Bf3 Nd4 21. Kg2 c4 22. Rh1 Bc5 23. Nf6+ Kf8 24. Nxe8 Kxe8 {0-1 (39) Zhukov,M (1990)-Filali,R (2252) Chess.com INT 2021}) 19. Ng4 g6 20. Qh4 Nf5 ({Stronger than} 20... Nxc2 21. Nh6+ Kg7 22. Nxf7 $11) 21. Nh6+ Nxh6 22. Qxh6 Bf8 23. Qh4 Rb8 24. c4 Nb6 25. Rad1 Nd7 26. Ra1 $1 Nb6 27. Rad1 dxc4 {[%emt 0:00:00] Black is clearly winning.} 28. dxc4 Qc7 29. Be4 Bb7 30. Bc2 Rbd8 31. Rd6 Nxc4 ({Not} 31... Bxd6 32. exd6 Qc6 33. Be4 Nxc4 34. Bxc6 Bxc6 35. Bc1 $16) 32. Red1 Nxd6 33. exd6 Qc6 {[%emt 0:00:00][%csl Gb7][%cal Rc6g2] [#]} 34. Qh3 {[%emt 0:00:34] Prevents Qg2+.} Rxd6 {[%emt 0:00:00] White did not feel at home in the position after the opening.  Weighted Error Value: White=0.98/Black=0.54} 0-1

[Event "1st Henriquez Urena Memorial 2022"]
[Site "Santo Domingo"]
[Date "2022.09.16"]
[Round "1.8"]
[White "Camacho Campusano, David Daniel"]
[Black "Mesa Cruz, Juan Carlos"]
[Result "0-1"]
[ECO "B52"]
[WhiteElo "2230"]
[BlackElo "2119"]
[Annotator "TA"]
[PlyCount "90"]
[EventDate "2022.09.16"]
[EventType "swiss"]
[EventCountry "DOM"]
[SourceTitle "playchess.com"]
[Source "ChessBase"]
[SourceQuality "1"]
[TimeControl "5400+30"]

1. e4 c5 2. Nf3 d6 3. Bb5+ Bd7 4. Bxd7+ Qxd7 5. O-O Nf6 6. Re1 e6 7. c3 Be7 8. d4 cxd4 9. cxd4 d5 10. e5 Ne4 11. Nbd2 Nxd2 12. Bxd2 Nc6 13. Rc1 O-O 14. Rc3 Rfc8 {[%emt 0:00:30] B52: Sicilian: Moscow Variation with 3...Bd7.} 15. a3 b5 16. h4 b4 {[%emt 0:23:12] Black is slightly better.} 17. Rd3 bxa3 18. bxa3 Bf8 19. Ng5 (19. h5 $5 ) 19... h6 20. Nh3 Ne7 {[%emt 0:02:05][%cal Bc6e7,Be7f5,Bf5g3][%mdl 32] [#]} 21. Nf4 $146 ({Predecessor:} 21. g4 Rc4 22. Bb4 Rac8 23. Nf4 Ng6 24. Nxg6 Bxb4 25. axb4 fxg6 26. b5 h5 27. Rf3 {½-½ (39) Colovic,A (2404)-Arizmendi Martinez,J (2509) Campillos 2005}) 21... Rc4 22. Nh5 Qa4 23. Qg4 Nf5 24. Be3 Rb8 (24... Bxa3 $2 25. Nxg7 $1 Kh8 26. Nxf5 exf5 27. Qh5 $18) 25. Ng3 {[%emt 0:08:31] [#]} (25. Nf6+ $142 Kh8 26. Nxd5) 25... Nxg3 $1 $17 26. Qxg3 Rb3 27. Rxb3 Qxb3 28. Qg4 Kh7 {[%emt 0:05:33] Threatens to win with ...a5.} 29. Qf3 Kg8 (29... Rc7 $17 30. g4 Bxa3) 30. Qg4 $19 Kh7 $2 ({Worse is} 30... Qxa3 31. Rb1 $17) (30... a5 $19 {...a4 is the strong threat.} 31. Bxh6 a4) 31. Qf4 (31. Qf3 $11 Rc7 32. g4) 31... Rc7 32. Rc1 Rxc1+ 33. Bxc1 $17 {[%emt 0:00:02][%mdl 4096] Endgame KQB-KQB} Kg8 34. Qe3 Qd1+ 35. Kh2 a5 {[%emt 0:00:14] Black is more active.} (35... Qh5 $17 36. g3 g5) 36. Qc3 $15 a4 37. Bb2 {[%emt 0:00:35] [#]} (37. g3 $1 $15) 37... Qg4 (37... Qh5 $1 $19 38. Qc2 Qxh4+ 39. Kg1 Qe4) 38. Qc6 $2 ({White has to play} 38. g3 $15) 38... Qxh4+ 39. Kg1 Qe4 {[%emt 0:00:13] Strongly threatening ...Qe1+.} 40. Bc3 {[%emt 0:00:59] Against Qe1+} (40. Qc3) 40... Qc2 $19 {[%emt 0:00:41] Black is clearly winning.} 41. f4 Qc1+ 42. Kf2 Qxf4+ 43. Ke2 Qe4+ 44. Kd1 Qd3+ 45. Ke1 Bxa3 {[%emt 0:00:39] Weighted Error Value: White=0.83/Black=0.37} 0-1

[Event "1st Henriquez Urena Memorial 2022"]
[Site "Santo Domingo"]
[Date "2022.09.16"]
[Round "1.10"]
[White "Polanco Nunez, Yoel Starling"]
[Black "Orizondo, Hugo"]
[Result "1-0"]
[ECO "A46"]
[WhiteElo "2199"]
[BlackElo "2034"]
[Annotator "TA"]
[PlyCount "55"]
[EventDate "2022.09.16"]
[EventType "swiss"]
[EventCountry "DOM"]
[SourceTitle "playchess.com"]
[Source "ChessBase"]
[SourceQuality "1"]
[TimeControl "5400+30"]

1. Nf3 Nf6 2. g3 d5 3. Bg2 e6 4. O-O b5 5. d4 Bb7 6. a4 {[%emt 0:00:30] A46: 1 d4 Nf6 2 Nf3 e6: Torre, London and Colle Systems.} b4 7. Nbd2 Nbd7 8. c4 {[%emt 0:00:30] The position is equal.} bxc3 9. bxc3 Ba6 {[%emt 0:00:30] Prevents c4.} 10. Re1 {[%emt 0:00:30] [#]} Bd6 $146 ({Predecessor:} 10... Be7 11. e4 Nxe4 12. Nxe4 dxe4 13. Rxe4 O-O 14. Re1 e5 15. Be3 Rc8 16. Rb1 Bf6 17. Nd2 Bd3 18. Rb7 {½-½ (18) Trabattoni,F (2246)-Bergero,S (1961) Arco 2020}) 11. e4 dxe4 12. Ng5 O-O 13. Ndxe4 Rc8 14. a5 h6 15. Nxf6+ Nxf6 16. Ne4 Nxe4 17. Bxe4 c5 18. d5 Be5 (18... f5 $5 19. Bd3 Bxd3 20. Qxd3 c4 $11) 19. Qc2 {[%emt 0:07:24] [#] Hoping for Bh7+.} ({Much weaker is} 19. Bh7+ Kxh7 20. Rxe5 Qf6 $15) 19... Qf6 $1 20. Ra3 exd5 21. Bxd5 Rcd8 ({Black should play} 21... c4 $1) 22. c4 $36 {[%emt 0:02:16][%mdl 2048] aiming for Rf3. White is more active.} Bc8 23. Rf3 Qd6 24. Qe4 {[%emt 0:03:00] White has more active pieces.} Rde8 {[%emt 0:04:52][%mdl 8192] [#] Black cannot hold the game after this.} (24... Bf6 $16 {is a better chance.}) 25. Bf4 $18 {[%emt 0:06:24] White is clearly winning.} Bxf4 (25... Bg4 $142) 26. Qxe8 Be6 27. Rxe6 fxe6 28. Qxe6+ {[%emt 0:00:02] Weighted Error Value: White=0.06 (flawless) /Black=0.38} 1-0

[Event "1st Henriquez Urena Memorial 2022"]
[Site "Santo Domingo"]
[Date "2022.09.17"]
[Round "2.1"]
[White "Peralta, Fernando"]
[Black "Araujo Sanchez, Josue"]
[Result "1/2-1/2"]
[ECO "E48"]
[WhiteElo "2600"]
[BlackElo "2281"]
[Annotator "ChessBase"]
[PlyCount "49"]
[EventDate "2022.09.16"]
[EventType "swiss"]
[EventCountry "DOM"]
[SourceTitle "playchess.com"]
[Source "ChessBase"]
[SourceQuality "1"]
[TimeControl "5400+30"]

1. d4 Nf6 2. c4 e6 3. Nc3 Bb4 4. e3 O-O 5. Bd3 d5 6. cxd5 exd5 7. Nge2 Re8 8. Bd2 a6 9. O-O Bd6 10. Rc1 Nbd7 11. Ng3 b6 12. Nf5 Bf8 13. Qf3 Bb7 14. Qh3 Re6 15. f3 h5 16. e4 dxe4 17. fxe4 Nxe4 18. Nxe4 Bxe4 19. Bc4 Nf6 20. Nh6+ gxh6 21. Bxe6 Qxd4+ 22. Be3 Qe5 23. Bb3 Ng4 24. Bxf7+ Kh8 25. Be6 1/2-1/2

[Event "1st Henriquez Urena Memorial 2022"]
[Site "Santo Domingo"]
[Date "2022.09.17"]
[Round "2.2"]
[White "Guzman, Christopher"]
[Black "Quezada Perez, Yasser"]
[Result "0-1"]
[ECO "B47"]
[WhiteElo "2252"]
[BlackElo "2580"]
[Annotator "ChessBase"]
[PlyCount "108"]
[EventDate "2022.09.16"]
[EventType "swiss"]
[EventCountry "DOM"]
[SourceTitle "playchess.com"]
[Source "ChessBase"]
[SourceQuality "1"]
[TimeControl "5400+30"]

1. e4 c5 2. Nf3 Nc6 3. d4 cxd4 4. Nxd4 Qc7 5. Nc3 e6 6. g3 a6 7. Bg2 Nf6 8. O-O Nxd4 9. Qxd4 Bc5 10. Bf4 d6 11. Qd3 Ng4 12. Na4 e5 13. Bd2 Bd4 14. h3 b5 15. hxg4 bxa4 16. c3 Ba7 17. g5 O-O 18. Be3 Bxe3 19. Qxe3 Rb8 20. Rfb1 Rb6 21. b3 Qb8 22. Bf1 Be6 23. Bd3 a3 24. Qc1 Qd8 25. Qxa3 Qxg5 26. Qc1 Qe7 27. c4 Rc6 28. Qe3 g6 29. Re1 Kg7 30. Rad1 h5 31. Kg2 a5 32. f4 exf4 33. gxf4 Rc5 34. Bc2 Kh7 35. Rd2 Re8 36. Kf2 Bc8 37. Red1 Bg4 38. Re1 Qf6 39. Kg3 Bc8 40. Rd5 Rxd5 41. cxd5 Qb2 42. Re2 Bg4 43. Rg2 f5 44. Bd3 Qg7 45. Rc2 fxe4 46. Bxe4 Bf5 47. Rc4 h4+ 48. Kf3 h3 49. Qc1 Re7 50. Qc2 Qh6 51. Bxf5 h2 52. Bxg6+ Kg7 53. Qc3+ Kxg6 54. Qc2+ Kf6 0-1

[Event "1st Henriquez Urena Memorial 2022"]
[Site "Santo Domingo"]
[Date "2022.09.17"]
[Round "2.3"]
[White "Ramirez, Alejandro"]
[Black "Michelen Rodriguez, Victor Isaac"]
[Result "1-0"]
[ECO "A80"]
[WhiteElo "2561"]
[BlackElo "2228"]
[Annotator "ChessBase"]
[PlyCount "65"]
[EventDate "2022.09.16"]
[EventType "swiss"]
[EventCountry "DOM"]
[SourceTitle "playchess.com"]
[Source "ChessBase"]
[SourceQuality "1"]
[TimeControl "5400+30"]

1. d4 f5 2. Nf3 Nf6 3. Bf4 e6 4. e3 d5 5. Bd3 Bd6 6. O-O O-O 7. c4 c6 8. Ne5 Bc7 9. Nd2 Nbd7 10. Ndf3 Nxe5 11. Nxe5 Nd7 12. Nf3 h6 13. Rc1 Bxf4 14. exf4 g5 15. fxg5 hxg5 16. Qd2 g4 17. Ng5 Rf6 18. h4 gxh3 19. Nxh3 Nf8 20. Qg5+ Kf7 21. Nf4 Bd7 22. cxd5 exd5 23. Rc3 Ne6 24. Qh5+ Kg7 25. Bxf5 Nxf4 26. Rg3+ Kf8 27. Qh8+ Ke7 28. Rg7+ Rf7 29. Re1+ Ne6 30. Rxf7+ Kxf7 31. Bxe6+ Kg6 32. Qh3 Be8 33. Bf5+ 1-0

[Event "1st Henriquez Urena Memorial 2022"]
[Site "Santo Domingo"]
[Date "2022.09.17"]
[Round "2.4"]
[White "Mesa Cruz, Juan Carlos"]
[Black "Cuenca Jimenez, Jose Fernando"]
[Result "1/2-1/2"]
[ECO "C55"]
[WhiteElo "2119"]
[BlackElo "2553"]
[Annotator "ChessBase"]
[PlyCount "111"]
[EventDate "2022.09.16"]
[EventType "swiss"]
[EventCountry "DOM"]
[SourceTitle "playchess.com"]
[Source "ChessBase"]
[SourceQuality "1"]
[TimeControl "5400+30"]

1. e4 e5 2. Nf3 Nc6 3. Bc4 Nf6 4. d3 h6 5. c3 d6 6. Nbd2 g5 7. Nf1 Bg7 8. Ng3 O-O 9. a4 Ne7 10. h4 g4 11. Nh2 d5 12. Bb3 Be6 13. h5 c6 14. O-O Kh8 15. Bc2 Qd7 16. Be3 Nfg8 17. d4 dxe4 18. dxe5 Bxe5 19. Qxd7 Bxd7 20. Nxe4 b6 21. f4 Bg7 22. Bb3 f5 23. Rfd1 Be8 24. Ng3 Nf6 25. a5 Nfd5 26. Nhf1 Bf7 27. Bc2 Be6 28. Kf2 b5 29. Ne2 Rf7 30. g3 a6 31. Bc5 Bd7 32. Bb3 Ng8 33. Ne3 Ngf6 34. Bc2 Nxh5 35. Nxd5 cxd5 36. Rxd5 Nf6 37. Rd2 Rc8 38. Be3 Re7 39. Nd4 Rce8 40. Re2 Ne4+ 41. Bxe4 Rxe4 42. Rae1 Kg8 43. Nb3 Bc8 44. Bd4 Rxe2+ 45. Rxe2 Rxe2+ 46. Kxe2 Bf8 47. Bc5 Bg7 48. Bd4 h5 49. Bxg7 Kxg7 50. Nd2 Be6 51. b4 Kg6 52. Kf2 Bd5 53. Nf1 Kf6 54. Ne3 Be4 55. Kg1 Ke6 56. Kf2 1/2-1/2

[Event "1st Henriquez Urena Memorial 2022"]
[Site "Santo Domingo"]
[Date "2022.09.17"]
[Round "2.5"]
[White "Leon Hoyos, Manuel"]
[Black "Polanco Nunez, Yoel Starling"]
[Result "1-0"]
[ECO "B40"]
[WhiteElo "2491"]
[BlackElo "2199"]
[Annotator "ChessBase"]
[PlyCount "95"]
[EventDate "2022.09.16"]
[EventType "swiss"]
[EventCountry "DOM"]
[SourceTitle "playchess.com"]
[Source "ChessBase"]
[SourceQuality "1"]
[TimeControl "5400+30"]

1. e4 c5 2. Nf3 e6 3. g3 Nc6 4. Bg2 Nf6 5. Qe2 Qc7 6. O-O Be7 7. Rd1 O-O 8. d4 cxd4 9. Nxd4 d6 10. Nb5 Qb8 11. c4 a6 12. N5c3 Qc7 13. h3 Bd7 14. b3 Rab8 15. a4 Rfe8 16. Be3 Bc8 17. Na3 Nd7 18. Rab1 Nb4 19. Qd2 Nc6 20. b4 Nce5 21. f4 Ng6 22. h4 b6 23. h5 Ngf8 24. h6 g6 25. g4 Bb7 26. Rbc1 Nf6 27. Bf3 Red8 28. Qb2 Ne8 29. g5 f6 30. Bg4 fxg5 31. fxg5 d5 32. Ne2 dxe4 33. Bf4 Bd6 34. Rxd6 Nxd6 35. c5 bxc5 36. bxc5 Bd5 37. cxd6 Qa7+ 38. Qd4 Qxd4+ 39. Nxd4 Rdc8 40. Rc7 Rxc7 41. dxc7 Rc8 42. Nac2 Kf7 43. Ne3 Ba2 44. Nc6 Nd7 45. Na7 Rxc7 46. Bxc7 Nc5 47. a5 e5 48. Nc6 1-0

[Event "1st Henriquez Urena Memorial 2022"]
[Site "Santo Domingo"]
[Date "2022.09.17"]
[Round "2.6"]
[White "Mendez Ramirez, Victor"]
[Black "Camacho Campusano, David Daniel"]
[Result "0-1"]
[WhiteElo "2153"]
[BlackElo "2230"]
[Annotator "TA"]
[PlyCount "33"]
[EventDate "2022.09.16"]
[EventType "swiss"]
[EventCountry "DOM"]
[SourceTitle "playchess.com"]
[Source "ChessBase"]
[SourceQuality "1"]
[TimeControl "5400+30"]

1. c4 Nf6 2. Nc3 c5 3. g3 g6 4. Bg2 Bg7 5. e4 Nc6 6. Nge2 {[%emt 0:00:58][%mdl 32768] [#] Loss on time!?} {Predecessor:} O-O $146 {A36: Symmetrical English vs ...g6: 4 Bg2 Bg7.} 7. O-O Ne8 8. d3 Nc7 9. f4 Ne6 10. h3 a6 11. a4 d6 12. f5 Ned4 13. g4 Rb8 14. Nxd4 Nxd4 15. Nd5 b5 16. axb5 axb5 17. Bg5 {1-0 (46) Bernadskiy,V (2594)-Donchenko,A (2615) Riga 2019} 0-1